Cogmind - Beta 13 X2 @@@ ROGUE MODE // 2024.02.13 @ 14:03:37 Player: f3-rnm Result: Destroyed by 99-TNT with 99-TNT's Nukerbomber Performance ------------- Evolutions (1) 500 Regions Visited (6) 1200 Robots Destroyed (107) 535 Value Destroyed (2617) 2617 Prototype IDs (31) 620 Alien Tech Used (0) 0 Bonus (658) 658 TOTAL SCORE: 6130 Bonus ------- High Alert Combat Kills 333 Follower Combat Kills 25 Aligned with FarCom 300 Cogmind --------- Core Integrity 0/400 Matter 136/300 Energy 56/100 System Corruption 3% Temperature Cool (0) Movement Core (50) Location -8/Mines Parts ------- > --- POWER (1) -------- (None) > --- PROPULSION (2) --- Armored Treads Armored Treads > --- UTILITY (3) ------ (None) > --- WEAPON (3) ------- (None) > --- INVENTORY (5) ---- Light Treads Wheel Flail Peak State ------------ > --- POWER ------------ (None) > --- PROPULSION ------- Advanced Myomer Leg Advanced Myomer Leg > --- UTILITY ---------- Large Storage Unit > --- WEAPON ----------- 8R-AWN's Boregun 8R-AWN's Boregun Rocket Launcher > --- INVENTORY -------- Light Treads Light Treads Armored Treads Armored Treads Armored Treads Wheel Experimental Heat Sink High-capacity Matter Pod Experimental Sensor Array Experimental Targeting Computer Minigun Flail [Rating: 43] Favorites ----------- Power Light Nuclear Core Engine Ion Engine Power Core Light Nuclear Core Propulsion Armored Treads Treads Armored Treads Leg Advanced Myomer Leg Utility Large Storage Unit Storage Large Storage Unit Protection Medium Armor Plating Weapon Minigun Energy Gun Medium Laser Ballistic Gun Minigun Ballistic Cannon Improved Light Cannon Launcher Rocket Launcher Impact Weapon Flail Build | -11 -10 -10 -9 -9 -9 -8 ------- Run | Yrd Mat Min Mat Min Exi Min Slots Evolved 2 | . . . 2 . . . Power . | . . . . . . . Propulsion . | . . . . . . . Utility 1 | . . . 1 . . . Weapon 1 | . . . 1 . . . Parts Attached 66 | 7 3 3 34 4 12 3 Power 8 | 1 . 1 5 . 1 . Engine 6 | 1 . 1 4 . . . Core 2 | . . . 1 . 1 . Reactor . | . . . . . . . Propulsion 16 | 2 . 2 7 . 3 2 Treads 14 | 2 . 2 7 . 1 2 Leg 2 | . . . . . 2 . Wheel . | . . . . . . . Hover . | . . . . . . . Flight . | . . . . . . . Utility 13 | 1 3 . 6 2 1 . Device . | . . . . . . . Storage 3 | 1 2 . . . . . Processor . | . . . . . . . Hackware . | . . . . . . . Protection 10 | . 1 . 6 2 1 . Artifact . | . . . . . . . Weapon 29 | 3 . . 16 2 7 1 Energy Gun 2 | 1 . . 1 . . . Energy Cannon . | . . . . . . . Ballistic Gun 19 | 2 . . 10 1 5 1 Ballistic Cannon 4 | . . . 4 . . . Launcher 3 | . . . 1 . 2 . Special Weapon . | . . . . . . . Impact Weapon 1 | . . . . 1 . . Slashing Weapon . | . . . . . . . Piercing Weapon . | . . . . . . . Special Melee Weapon . | . . . . . . . Unidentified Prototypes 2 | . . . . . 2 . Corrupted Parts 1 | . . . . . 1 . System Corruption 1 | . . . . . 1 . Parts Lost 24 | . . 3 11 . 8 2 Power 5 | . . 1 2 . 2 . Propulsion 5 | . . 2 2 . 1 . Utility 6 | . . . 3 . 3 . Weapon 8 | . . . 4 . 2 2 Highest Loss Streak 6 | . . 3 3 . 6 2 To Critical Strikes 3 | . . . . . 3 . Average Slot Usage (%) 95 | . 98 100 96 100 76 . Engine 5 | . 14 14 7 . . . Core 5 | . . . 2 11 7 . Treads 22 | . 28 28 21 22 20 . Storage 11 | . 14 14 11 11 11 . Protection 19 | . 12 14 20 22 17 . Ballistic Gun 23 | . 28 28 19 32 16 . Ballistic Cannon 5 | . . . 11 . . . Naked Turns . | . . . . . . . Heaviest Build 50 | 13 29 29 50 48 43 . Greatest Support 60 | 40 40 40 40 40 60 3 Greatest Overweight (x) 2 | . . . 2 1 1 . Average Overweight (x) . | . . . . 1 . . Largest Inventory Capacity 15 | 8 15 15 15 15 15 15 Average Capacity 14 | 5 10 15 15 15 15 8 Most Carried 15 | 4 10 14 15 15 14 12 Average Carried 13 | 2 7 11 14 14 12 6 Final Capacity 15 | 8 15 15 15 15 15 5 Final Carried 15 | 3 10 11 15 14 12 3 Class Distribution -------------------- 68% | Tank 28% | Mutant Dominant Class ---------------- Mutant | -10/Materials Mutant | -10/Mines Tank | -9/Materials Tank | -9/Mines Tank | -9/Exiles Tank | -8/Mines Resources | -11 -10 -10 -9 -9 -9 -8 ----------- Run | Yrd Mat Min Mat Min Exi Min Matter Collected 2773 | 153 217 114 1636 255 398 . Remotely . | . . . . . . . Salvage Created 3167 | . 194 41 2087 300 545 . Parts 204 | . 14 8 129 26 27 . Haulers Intercepted 4 | . . . 4 . . . Recyclers Shooed 2 | . . . 2 . . . Parts Field Recycled . | . . . . . . . Retrieved Matter . | . . . . . . . Parts Self-Destructed . | . . . . . . . Prevented . | . . . . . . . Kills | -11 -10 -10 -9 -9 -9 -8 ------- Run | Yrd Mat Min Mat Min Exi Min Combat Hostiles Destroyed 85 | . 8 . 49 11 17 . Guns 49 | . 8 . 27 11 3 . Cannons 22 | . . . 22 . . . AOE 14 | . . . . . 14 . Classes Destroyed 15 | . 2 1 9 1 2 . Worker 4 | . . . 4 . . . Builder 4 | . . . 3 1 . . Tunneler 2 | . . 2 . . . . Hauler 4 | . . . 4 . . . Recycler 7 | . . . 6 1 . . Operator 2 | . . . 2 . . . Swarmer 31 | . 6 . 16 9 . . Grunt 32 | . 2 . 20 1 9 . Brawler 3 | . . . 1 . 2 . Duelist 2 | . . . 1 . 1 . Protector 1 | . . . 1 . . . Sentry 10 | . . . 10 . . . Hunter 4 | . . . . . 4 . Programmer 1 | . . . . . 1 . Assembled 1 | . . . . 1 . . Best Kill Streak 9 | . 3 2 7 3 9 . Combat Bots Only 9 | . 3 . 5 3 9 . Max Kills in Single Turn 6 | . 1 1 2 2 6 . Gunslinging 1 | . . . 1 1 . . Exploded 6 | . . . . . 6 . Melee . | . . . . . . . Uniques/NPCs Destroyed . | . . . . . . . Combat | -11 -10 -10 -9 -9 -9 -8 -------- Run | Yrd Mat Min Mat Min Exi Min Hostile Shots Fired 449 | . 47 15 207 38 130 12 Missed 120 | . 12 . 61 7 40 . Damage Taken 5070 | . 342 548 1851 270 1392 667 Core 613 | . 54 88 118 15 98 240 Absorbed by Shields . | . . . . . . . Redirected to Shielding 160 | . 10 16 23 41 70 . Core Remaining (%) 71 | 100 . 43 . . . . Volleys Fired 216 | . 27 7 126 17 39 . Largest 3 | . 2 2 3 3 3 . Hottest 117 | . 40 40 117 73 85 . Shots Fired 554 | . 54 14 342 53 91 . Gun 377 | . 54 14 173 53 83 . Cannon 169 | . . . 169 . . . Launcher 8 | . . . . . 8 . Special . | . . . . . . . Kinetic 539 | . 54 14 335 53 83 . Thermal 7 | . . . 7 . . . Explosive 8 | . . . . . 8 . Electromagnetic . | . . . . . . . Robot Hit Streak 18 | . 18 8 14 11 14 . Robot Miss Streak 5 | . 2 1 5 4 2 . Penetration Max . | . . . . . . . Secondary Targets 6 | . 2 . 2 2 . . Max Gunslinging Chain 1 | . 1 . 1 1 . . Shots Hit Robots 330 | . 37 11 197 23 62 . Core Hits 157 | . 15 4 88 13 37 . Critical Kills 5 | . . . 4 . 1 . Critical Parts Destroyed . | . . . . . . . Critical Strikes 10 | . . . 9 . 1 . Destroy 5 | . . . 4 . 1 . Blast 5 | . . . 5 . . . Melee Attacks 7 | . . . . 7 . . Impact 7 | . . . . 7 . . Slashing . | . . . . . . . Piercing . | . . . . . . . Sneak Attacks . | . . . . . . . Combat Hostiles . | . . . . . . . Follow-up Attacks . | . . . . . . . Damage Inflicted 6662 | . 417 123 3791 440 1891 . Guns 3810 | . 417 123 1872 429 969 . Cannons 1888 | . . . 1888 . . . Explosions 953 | . . . 31 . 922 . Melee . | . . . . . . . Ramming 11 | . . . . 11 . . Kinetic 5635 | . 417 123 3697 429 969 . Thermal 63 | . . . 63 . . . Explosive 953 | . . . 31 . 922 . Electromagnetic . | . . . . . . . Impact . | . . . . . . . Slashing . | . . . . . . . Piercing . | . . . . . . . Highest Corruption 3 | . 1 1 2 2 3 3 Average Corruption 1 | . 1 1 2 2 2 3 Corruption Purged . | . . . . . . . Corruption Blocked . | . . . . . . . Effects 73 | . 2 1 40 20 10 . Message Errors 17 | . 1 1 6 7 2 . Matter Fused 14 | . . . 12 1 1 . Heat Flow Errors 7 | . . . 4 2 1 . Energy Discharges 13 | . 1 . 8 4 . . Data Loss (minor) 9 | . . . 6 2 1 . Data Loss (major) 3 | . . . . 2 1 . Misfires 5 | . . . 1 2 2 . Alerts 1 | . . . 1 . . . Weapon Failures 4 | . . . 2 . 2 . Overload Shots . | . . . . . . . Overflow Damage 109 | . . . 109 . . . Projectiles 39 | . . . 39 . . . Explosions 70 | . . . 70 . . . Melee . | . . . . . . . Knockbacks 12 | . . . 12 . . . Impact . | . . . . . . . Kinetic 12 | . . . 12 . . . Secondary . | . . . . . . . Self-Inflicted Damage 114 | . . . 114 . . . Shots 1 | . . . 1 . . . Rammed 2 | . . . . 2 . . Targets Rammed 2 | . . . . 2 . . Kicked . | . . . . . . . Crushed . | . . . . . . . Highest Temperature 422 | . 15 . 422 252 274 . Average Temperature 91 | . 8 . 91 68 125 . Received Heat Transfer 654 | . 90 . 474 . 90 . Effects 9 | . . . 8 1 . . Energy Bleed 3 | . . . 2 1 . . Interference 2 | . . . 2 . . . Damage (major) 4 | . . . 4 . . . Siege Activations . | . . . . . . . Robots Corrupted . | . . . . . . . Combat Hostiles . | . . . . . . . Parts Fried . | . . . . . . . Impact Corruptions . | . . . . . . . Robots Melted . | . . . . . . . Combat Hostiles . | . . . . . . . Parts Melted . | . . . . . . . Heat Transferred 185 | . . . 185 . . . Parts Sabotaged . | . . . . . . . Parts Stolen . | . . . . . . . Parts Stripped . | . . . . . . . Power Chain Reactions . | . . . . . . . Missiles Intercepted . | . . . . . . . Alert | -11 -10 -10 -9 -9 -9 -8 ------- Run | Yrd Mat Min Mat Min Exi Min Peak Influence 900 | . 120 49 900 432 . . Initial 337 | . . 39 7 337 . . Average 342 | . 39 38 471 291 . . Maximum Alert Level 3 | . . . 3 2 . . Low Security (%) 36 | 100 100 100 23 19 . 100 Level 1 23 | . . . 13 57 . . Level 2 23 | . . . 32 22 . . Level 3 16 | . . . 30 . . . Level 4 . | . . . . . . . Level 5 . | . . . . . . . High Security . | . . . . . . . Max Security . | . . . . . . . Squads Dispatched 5 | . . . 5 . . . Investigation 1 | . . . 1 . . . Extermination . | . . . . . . . Reinforcement 2 | . . . 2 . . . Assault 2 | . . . 2 . . . Garrison . | . . . . . . . Intercept . | . . . . . . . Searches Triggered . | . . . . . . . Construction Impeded . | . . . . . . . Haulers Reinforced . | . . . . . . . Active Scanning Responses . | . . . . . . . Cargo Convoy Interrupts . | . . . . . . . Stealth | -11 -10 -10 -9 -9 -9 -8 --------- Run | Yrd Mat Min Mat Min Exi Min Distress Signals 9 | . . . 8 1 . . Communications Jammed . | . . . . . . . Distress Signals . | . . . . . . . Times Spotted 121 | . 11 3 76 11 18 2 Peak Tracking Total 13 | . 3 2 7 3 13 1 Tactical Retreats 5 | . 1 . 1 1 2 . Traps | -11 -10 -10 -9 -9 -9 -8 ------- Run | Yrd Mat Min Mat Min Exi Min Traps Triggered 2 | . 1 . 1 . . . Indirectly . | . . . . . . . Trap Hack Attempts . | . . . . . . . Triggered . | . . . . . . . Disarmed . | . . . . . . . Reprogrammed . | . . . . . . . Reused . | . . . . . . . Traps Extracted . | . . . . . . . Installed . | . . . . . . . Triggered . | . . . . . . . Machines | -11 -10 -10 -9 -9 -9 -8 ---------- Run | Yrd Mat Min Mat Min Exi Min Machines Disabled 13 | . . . 9 . 4 . Max in Single Turn 2 | . . . 2 . 1 . Machines Repaired . | . . . . . . . Machines Dismantled . | . . . . . . . Machines Sabotaged . | . . . . . . . Overloaded Fab Kills . | . . . . . . . Hacking | -11 -10 -10 -9 -9 -9 -8 --------- Run | Yrd Mat Min Mat Min Exi Min Machines Accessed 8 | . 2 . 5 . 1 . Terminals 6 | . 2 . 4 . . . Fabricators . | . . . . . . . Repair Stations . | . . . . . . . Recycling Units . | . . . . . . . Scanalyzers 1 | . . . 1 . . . Garrison Access . | . . . . . . . Total Hacks 17 | . 5 . 11 . 1 . Successful 8 | . 1 . 6 . 1 . Failed 9 | . 4 . 5 . . . Catastrophic 1 | . 1 . . . . . Database Lockouts . | . . . . . . . Manual 7 | . 2 . 4 . 1 . Terminals 13 | . 5 . 8 . . . Fabricators . | . . . . . . . Repair Stations . | . . . . . . . Recycling Units . | . . . . . . . Scanalyzers 3 | . . . 3 . . . Garrison Access . | . . . . . . . Terminal Hacks 6 | . 1 . 4 . 1 . Robot Analysis 1 | . . . 1 . . . Prototype ID Bank 3 | . 1 . 2 . . . Branch Access Points 1 | . . . 1 . . . Derelict Proto ID Bank 1 | . . . . . 1 . Fabricator Hacks . | . . . . . . . Repair Station Hacks . | . . . . . . . Recycling Unit Hacks . | . . . . . . . Scanalyzer 2 | . . . 2 . . . Insert Component 1 | . . . 1 . . . Analyze 1 | . . . 1 . . . Garrison Access Hacks . | . . . . . . . Unauthorized Hacks . | . . . . . . . Terminals . | . . . . . . . Fabricators . | . . . . . . . Repair Stations . | . . . . . . . Recycling Units . | . . . . . . . Scanalyzers . | . . . . . . . Garrison Access . | . . . . . . . Data Cores Recovered 1 | . . . 1 . . . Used . | . . . . . . . Hacking Detections 6 | . 2 . 4 . . . Full Trace Events 2 | . 1 . 1 . . . Feedback Events . | . . . . . . . Feedback Blocked . | . . . . . . . Robot Schematics Acquired . | . . . . . . . Robots Built . | . . . . . . . Authchips . | . . . . . . . Time . | . . . . . . . Total Robot Build Rating . | . . . . . . . Part Schematics Acquired . | . . . . . . . Parts Built . | . . . . . . . Authchips . | . . . . . . . Time . | . . . . . . . Total Part Build Rating . | . . . . . . . Parts Repaired . | . . . . . . . Time . | . . . . . . . Parts Recycled . | . . . . . . . Recycled Matter . | . . . . . . . Retrieved Matter . | . . . . . . . Retrieved Components . | . . . . . . . Parts Scanalyzed 1 | . . . 1 . . . Part Schematics Acquired . | . . . . . . . Parts Damaged . | . . . . . . . Bothacking | -11 -10 -10 -9 -9 -9 -8 ------------ Run | Yrd Mat Min Mat Min Exi Min Used RIF Installer . | . . . . . . . Robots Hacked . | . . . . . . . Non-combat . | . . . . . . . Combat . | . . . . . . . Robot Hacks Applied . | . . . . . . . Relay Couplers Released . | . . . . . . . Fabnet Peak Effective % . | . . . . . . . Robots Rewired . | . . . . . . . Allies Hacked . | . . . . . . . Hacks Repelled . | . . . . . . . Allies | -11 -10 -10 -9 -9 -9 -8 -------- Run | Yrd Mat Min Mat Min Exi Min Total Allies 3 | . . . . 3 . . Largest Group 3 | . . . . 3 2 . Highest-Rated Group 63 | . . . . 63 32 . Highest-Rated Ally 31 | . . . . 31 16 . Total Orders . | . . . . . . . Ally Attacks 8 | . . . . 7 1 . Total Damage 104 | . . . . 104 . . Kills 1 | . . . . 1 . . Allies Corrupted . | . . . . . . . Allies Melted . | . . . . . . . Intel | -11 -10 -10 -9 -9 -9 -8 ------- Run | Yrd Mat Min Mat Min Exi Min Robot Analysis Total 1 | . . . 1 . . . Derelict Logs Recovered 2 | . . 1 . 1 . . Drone Launches . | . . . . . . . Drone Recoveries . | . . . . . . . Exploration | -11 -10 -10 -9 -9 -9 -8 ------------- Run | Yrd Mat Min Mat Min Exi Min Turns Passed 5966 | 86 571 306 2884 1489 624 6 Spaces Moved 2489 | 47 287 170 1152 560 269 4 Core 8 | 4 . . . . . 4 Treads 2448 | 43 287 170 1152 560 236 . Legs 33 | . . . . . 33 . Wheels . | . . . . . . . Hover . | . . . . . . . Flight . | . . . . . . . Fastest Speed 50 | 50 160 160 160 250 120 50 Average Speed 200 | 150 160 160 199 250 186 50 Slowest Speed 320 | 160 160 160 320 250 250 50 Overloaded Moves . | . . . . . . . Propulsion Burnouts . | . . . . . . . Robots Hopped . | . . . . . . . Cave-ins Triggered . | . . . . . . . Exploration Rate (%) 51 | 6 56 33 92 98 61 12 Regions Visited 6 Branch Regions 4 Pre-discovered Areas 1 | . . 1 . . . . Known Exits Taken 1 | . . . 1 . . . Unknown Exits Taken 5 | 1 1 1 . 1 1 . Scrap Searched 2 | . . 1 . 1 . . Spaces Dug . | . . . . . . . Terrain Destroyed 39 | . . . 39 . . . Melee . | . . . . . . . Projectile 11 | . . . 11 . . . AOE 28 | . . . 28 . . . Terrain Rammed . | . . . . . . . Walls Destroyed . | . . . . . . . Machines Disabled . | . . . . . . . Actions | -11 -10 -10 -9 -9 -9 -8 --------- Run | Yrd Mat Min Mat Min Exi Min Total 3050 | 62 351 192 1500 607 331 7 Wait 179 | . 18 9 134 17 1 . Move 2483 | 46 286 169 1151 559 268 4 Hop . | . . . . . . . Pick Up 58 | 9 12 4 26 . 7 . Fast Attach 11 | . 1 . 10 . . . Attach 29 | 6 . 3 9 1 8 2 Detach 1 | . . . 1 . . . Swap 26 | 1 2 . 15 3 4 1 Drop 38 | . 5 . 28 1 4 . Fire 216 | . 27 7 126 17 39 . Melee 7 | . . . . 7 . . Ram . | . . . . . . . Kick . | . . . . . . . Crush 2 | . . . . 2 . . Escape Stasis . | . . . . . . . Rewire . | . . . . . . . Trap . | . . . . . . . Miscellaneous . | . . . . . . . Route ------- -11/Scrapyard -10/Materials (discovered 2 exits: *Mat / [*Min]) -10/Mines -9/Materials (discovered 4 exits: [*Mat x3] / *Min) -9/Mines (discovered 3 exits: [*Mat x2] / *Exi) -9/Exiles -8/Mines (discovered 1 exit: [*Mat]) History --------- Turn | Location | Event 9 | -11/Scrapyard | Discovered new exit (range 15) 87 | -11/Scrapyard | Entered Materials 315 | -10/Materials | Build established: Mutant 580 | -10/Materials | Discovered new exit (range 10) 647 | -10/Materials | Discovered new exit (range 6) 658 | -10/Materials | Entered Mines 662 | -10/Mines | Met a Derelict bent on vengeance 754 | -10/Mines | Learned location of Storage (-7) 776 | -10/Mines | Joined a pair of Derelicts in attacking an 0b10 outpost 895 | -10/Mines | Found a damaged Exp. Sensor Array with a note attached 898 | -10/Mines | Found Prototype Device 905 | -10/Mines | Assembled infested the area 926 | -10/Mines | Core integrity fell below 50% 939 | -10/Mines | Learned Materials stockpile data 940 | -10/Mines | Discovered new exit (range 9) 954 | -10/Mines | Lost 3 parts (1p2n) 964 | -10/Mines | Entered Materials 964 | -9/Materials | Evolved 2 slots: Utility x1, Weapon x1 980 | -9/Materials | Identified exit to Mines 1093 | -9/Materials | Lost 3 parts (1n2w) 1372 | -9/Materials | Build established: Tank 1464 | -9/Materials | Identified Exp. Sensor Array 1600 | -9/Materials | Discovered new exit (range 14) 1893 | -9/Materials | Discovered new exit (range 16) 2586 | -9/Materials | Discovered new exit (range 16) 2964 | -9/Materials | First assault squad dispatched 3848 | -9/Materials | Entered Mines 3981 | -9/Mines | Excavation squad dispatched 3981 | -9/Mines | A large section of the Mines collapsed 4189 | -9/Mines | Deemed a non-threat by the Exiles lab entrance 4189 | -9/Mines | Discovered new exit (range 5) 4204 | -9/Mines | Discovered new exit (range 9) 4366 | -9/Mines | Learned Materials terminal intel 4709 | -9/Mines | Discovered new exit (range 15) 4721 | -9/Mines | Assisted by bots powering up and referring to "LRC-V3" 4922 | -9/Mines | Received a Mining Laser from a helpful Derelict 5337 | -9/Mines | Entered Exiles 5337 | -9/Exiles | Accompanied by 2 allies 5388 | -9/Exiles | Met 8R-AWN 5415 | -9/Exiles | Met EX-HEX 5464 | -9/Exiles | Met EX-BIN 5488 | -9/Exiles | Aligned with FarCom system 5490 | -9/Exiles | Given EX-Vault access code 5531 | -9/Exiles | Opened EX-Vault 5570 | -9/Exiles | Warned to stay clear of 0b10 Research branches 5600 | -9/Exiles | Exiles lab attacked by MAIN.C 5727 | -9/Exiles | Attacked by the Exiles 5769 | -9/Exiles | Core integrity fell below 50% 5802 | -9/Exiles | Found Prototype Ballistic Gun 5816 | -9/Exiles | Lost 6 parts (2p1n2u1w) 5822 | -9/Exiles | Found Prototype Processor 5825 | -9/Exiles | Found Prototype Ballistic Gun 5843 | -9/Exiles | Identified 8R-AWN's Boregun (x2) 5883 | -9/Exiles | Destroyed 8 combat bots 5936 | -9/Exiles | Destroyed 9 combat bots 5951 | -9/Exiles | Discovered new exit (range 10) 5961 | -9/Exiles | Entered Mines 5962 | -8/Mines | 99-TNT came to Exiles' defense 5963 | -8/Mines | Released all parts (4) 5965 | -8/Mines | Discovered new exit (range 9) 5967 | -8/Mines | Destroyed by 99-TNT with 99-TNT's Nukerbomber Last Messages --------------- 05913_ H-55 Commando destroyed. 05917_ Penetrated by Slug. 05917_ Med. Armor Plating destroyed. 05919_ Identified Adv. Myomer Leg. 05921_ Integrated Corrupted Adv. Myomer Leg (+1). 05923_ Penetrated by Slug. 05930_ System corrupted: Matter fused (-5). 05943_ Slug penetrates Wall. 05951_ EXIT=FOUND A strange signal echoes through the mines. LOCATION=UNKNOWN GOAL=ESCAPE 05962_ 99-TNT: "I came as fast as I could... Wait, it was you!" 05963_ 8R-AWN's Boregun destroyed. 05963_ Released Adv. Myomer Leg. 05963_ Released Lrg. Storage Unit. 05963_ Released Adv. Myomer Leg. 05963_ Released Minigun. 05965_ T-07 Excavator destroyed. 05965_ EXIT=FOUND Map ----- +----------------------------------------------------+ | ?????????????????????????????????????????????????? | | ?????????????????????????????????????????????????? | | ?????????????????????????????????????????????????? | | ?????????????????????????????????????????????????? | | ?????????????????????????????????????????????????? | | ?????????????????????????????????????????????????? | | ?????????????????????????????????????????????????? | | ?????????????????????????????????????????????????? | | ???????????????????????????????? ???????????????? | | ??????????????????????????????? ??????????????? | | ??????????????????????????????? ??????????????? | | ??????????????????????????????? ??????????????? | | ??????????????????????????????? ???????????????? | | ??????????????????????????????# ??????????????? | | ??????????????????????????#### ???????????????? | | ?????????????????????????## ????????????????? | | ???????????????????????### #????????????????? | | ??????????????????????## #????????????????? | | ??????????????????????# * ##???????????????? | | ??????????????????????# = t d ##??????????????? | | ???????????????????????# ! #??????????????? | | ?????????????????????### = #??????????????? | | ???????????????????### =! #??????????????? | | ??????????????????## = #??????????????? | | ??????????????????# #??????????????? | | ??????????????????# @ #??????????????? | | ??????????????????# < #??????????????? | | ?????????????????# ##??????????????? | | ????????????????# #???????????????? | | ???????????????# #???????????????? | | ???????????????# # ## #???????????????? | | ?????????????? #### ??????????????? | | ????????????? #???# ?????????????? | | ?????????????##########???? #####????????????? | | ??????????????????????????? #????????????????? | | ??????????????????????????? ????????????????? | | ??????????????????????????? ???????????????? | | ??????????????????????????? #??????????????? | | ????????????????????????????## ???????????????? | | ??????????????????????????????#??????????????????? | | ?????????????????????????????????????????????????? | | ?????????????????????????????????????????????????? | | ?????????????????????????????????????????????????? | | ?????????????????????????????????????????????????? | | ?????????????????????????????????????????????????? | | ?????????????????????????????????????????????????? | | ?????????????????????????????????????????????????? | | ?????????????????????????????????????????????????? | | ?????????????????????????????????????????????????? | | ?????????????????????????????????????????????????? | +----------------------------------------------------+ Best States ------------- Heat Dissipation 28 Energy Generation 14 Energy Capacity 265 Matter Stores 300 Matter Capacity 300 Sight Range 16 Terrain Scan Density 10 Armor Coverage 450 Core Shielding 20 Weapon Shielding 66 Evasion (%) 55 Recoil Reduction 2 Item Schematics ----------------- None Robot Schematics ------------------ None Fabricated ------------ Nothing Alien Tech Used ----------------- None Achievements -------------- None Challenges ------------ None Game ------ Seed SignalMissileShockpuncher Manual? 0 Play Time 00:29:03 Cumulative 154.7 hours Start 2024.02.13 @ 13:33:15 End 2024.02.13 @ 14:03:37 Sessions 1 Manual Loads 0 Difficulty Rogue Special Mode None Game No. 169 Rogue 133 Adventurer 36 Explorer 0 Win Type - Total 9 Types 2/0/7/0/0/0/0/0/0 Lore% 55 Gallery% 79 Achievement% 68 Wizard Run 0 Options --------- ASCII 0 Keyboard 0 Movement Mouse Keybinds 0 Fullscreen 1 Font 18/SmallcapsGlow Map View 76x50 Zoom Use 0% Tactical HUD 1 Map Filters NONE Filters NONE Steam 1 RUN: 4aef8d9d-247a-4b4a-ab43-ae1bf7460a87